 Dungeon Crawl Stone Soup version 0.18-a0-1800-gdc7a371 (webtiles) character file.

379974 AlphabetPasta the Blinker (level 21, -2/109 HPs)
             Began as a Spriggan Warper on Apr 23, 2016.
             Was the Champion of Ashenzari.
             Killed from afar by a fire giant (64 damage)
             ... with a fireball
             ... summoned by a boggart
             ... on level 2 of the Depths on Apr 26, 2016.
             The game lasted 15:17:58 (70947 turns).

AlphabetPasta the Blinker (Spriggan Warper)        Turns: 70947, Time: 15:17:58

Health: -2/109     AC:  9    Str: 11    XL:     21   Next: 87%
Magic:  33/44      EV: 38    Int: 26    God:    Ashenzari [******]
Gold:   3640       SH: 11    Dex: 21    Spells: 11 memorised, 12 levels left

rFire  . . .     SeeInvis +     a - +8 dagger (speed) (curse)
rCold  + . .     Gourm    .     z - +2 robe {MR+} (curse)
rNeg   . . .     Faith    .     T - +2 buckler of Reason {Str+3 Dex+3} (curse)
rPois  +         Spirit   .     N - +2 hat {rC+} (curse)
rElec  +         Dismiss  .     q - +2 cloak (curse)
rCorr  .         Reflect  .     (gloves unavailable)
SustAt .         Harm     .     (boots unavailable)
MR     ++++.     Clarity  +     M - amulet "Douz" {+Rage rElec Int+5} (curse)
Stlth  +++++++++.               s - +5 ring of slaying (curse)
                                C - ring of poison resistance (curse)

@: very quick, incredibly resistant to hostile enchantments, incredibly stealthy
A: unfitting armour, see invisible, herbivore 3, speed 3, slow metabolism 2
a: Curse Item, Scrying, Transfer Knowledge, Renounce Religion, Evoke Berserk
Rage
}: 2/15 runes: barnacled, gossamer


You were on level 2 of the Depths.
You worshipped Ashenzari.
Ashenzari was exalted by your worship.
You were not hungry.

You visited 8 branches of the dungeon, and saw 42 of its levels.
You also visited: Ice Cave.

You collected 4111 gold pieces.
You spent 471 gold pieces at shops.

Inventory:

Hand Weapons
 a - a cursed +8 dagger of speed (weapon)
Missiles
 d - 23 tomahawks of returning
 v - 19 tomahawks
 Y - 9 throwing nets (quivered)
Armour
 q - a cursed +2 cloak (worn)
 z - a cursed +2 robe of magic resistance (worn)
 N - a cursed +2 hat of cold resistance (worn)
 T - the cursed +2 buckler of Reason (worn) {Str+3 Dex+3}
   (You found it on level 4 of the Shoals)

   It affects your strength (+3).
   It affects your dexterity (+3).
   It has a curse placed upon it.
Jewellery
 e - a +5 amulet of reflection
 s - a cursed +5 ring of slaying (right hand)
 x - an uncursed ring of protection from fire
 C - a cursed ring of poison resistance (left hand)
 F - an uncursed ring of resist corrosion
 M - the cursed amulet "Douz" (around neck) {+Rage rElec Int+5}
   (You acquired it on level 3 of the Vaults)

   [amulet of rage]

   It affects your intelligence (+5).
   It insulates you from electricity.
   It lets you go berserk.
   It has a curse placed upon it.
Wands
 h - a wand of disintegration (8/24)
 r - a wand of acid (3/15)
 t - a wand of flame (23/48)
 A - a wand of teleportation (4/9)
 D - a wand of lightning (1/15)
 E - a wand of paralysis (5/24)
 I - a wand of polymorph (9/24)
 L - a wand of confusion (13/48)
 Q - a wand of iceblast (4/15)
 R - a wand of digging (13/24)
 X - a wand of heal wounds (5/9)
Scrolls
 i - 11 scrolls of teleportation
 k - a scroll of silence
 w - 3 scrolls of recharging
 H - 10 scrolls of remove curse
 J - 7 scrolls of identify
 P - 7 scrolls of fear
 S - 5 scrolls of magic mapping
 V - 6 scrolls of holy word
 W - 2 scrolls of blinking
 Z - 2 scrolls of summoning
Potions
 c - 2 potions of brilliance
 j - a potion of might
 l - 4 potions of magic
 n - 2 potions of invisibility
 o - 2 potions of cancellation
 p - 6 potions of ambrosia
 u - 3 potions of haste
 B - a potion of resistance
 G - 7 potions of curing
 K - 4 potions of flight
Miscellaneous
 b - a phial of floods
 y - a disc of storms
 O - a box of beasts {used: 3}
 U - a lamp of fire
Comestibles
 f - 18 bread rations
 g - 44 fruits


   Skills:
 + Level 11.3 Fighting
 + Level 15.4(19.3) Short Blades
   Level 0.0(7.9) Slings
 - Level 10.5 Throwing
 + Level 17.7(21.4) Dodging
 + Level 18.9(22.5) Stealth
 - Level 5.0(7.9) Shields
 * Level 18.4 Spellcasting
 * Level 15.3(19.2) Hexes
 - Level 7.0(11.5) Charms
 + Level 19.4(23.0) Translocations
 + Level 16.6(20.4) Evocations


You had 12 spell levels left.
You knew the following spells:

 Your Spells              Type           Power        Failure   Level  Hunger
a - Apportation           Tloc           #######...   0%          1    None
b - Blink                 Tloc           N/A          0%          2    None
c - Shroud of Golubria    Chrm/Tloc      #######...   0%          2    None
d - Force Lance           Conj/Tloc      ######..     1%          4    None
e - Teleport Other        Tloc           #######.     0%          3    None
f - Passage of Golubria   Tloc           N/A          0%          4    None
g - Confuse               Hex            #######.     0%          3    None
h - Gell's Gravitas       Hex/Tloc       #######...   0%          3    None
i - Dispersal             Tloc           #######...   1%          6    ###....
j - Controlled Blink      Tloc           N/A          1%          8    ######.
k - Disjunction           Tloc           #######...   1%          8    ######.


Dungeon Overview and Level Annotations

Branches:
Dungeon (15/15)            Temple (0/1) D:6            Lair (8/8) D:9
 Shoals (4/4) Lair:5       Spider (4/4) Lair:6        Slime (0/6) Lair:8
    Orc (2/2) D:11            Elf (3/3) Orc:2        Vaults (4/5) D:13
  Crypt (0/3) Vaults:2     Depths (2/5) D:15

Altars:
Ashenzari
Elyvilon
Fedhas
Gozag
Makhleb
Pakellas
Qazlal
Ru
Sif Muna
Yredelemnul
Beogh
Jiyva

Shops:
D:7 [   D:8 (   D:11 [   D:12 [   Orc:1 ?   Orc:2 ([(%   Elf:1 *   Shoals:3 *
Depths:1 !=(   Depths:2 }

Portals:
Hell: Depths:1 Depths:2
Abyss: Depths:1
Ziggurat: Depths:1
Trove: Vaults:1 (give 8 potions of haste)

Annotations:
Lair:3 exclusion: oklob plant
Lair:5 thorn hunter, exclusion: oklob plant
Shoals:4 Ilsuiw
Elf:3 Balimanorgath's ghost, veteran HuFi


Innate Abilities, Weirdness & Mutations

You are tiny and cannot use many weapons and most armour.
You have supernaturally acute eyesight.
You are a herbivore.
You cover ground extremely quickly.
You need consume almost no food.


Message History

You hit the fire giant.
The fire giant is heavily wounded.
You puncture the fire giant!
The fire giant is heavily wounded.
You puncture the fire giant!
The fire giant is severely wounded.
The fire giant casts a spell at you.
The fireball explodes!
The fireball engulfs you!
The fireball engulfs the fire giant.
The fire giant resists.
You hear a roar!
You hear a shout! x2; You hear a roar! x2
You hit the fire giant.
The fire giant is almost dead.
You hit the fire giant but do no damage.
The fire giant is almost dead.
You hit the fire giant but do no damage.
The fire giant is almost dead.
The fire giant gestures at you while chanting.
The fireball explodes!
The fireball engulfs you!
Ouch! That really hurt!
You die...

....#........##g..##.....##.##...
....#.#.##..##.{C..##....#)..#...
###.#.#.#...#.......#....##.##...
#∩###.#.#...#.....$.#.....#.#....
#+###.#(#.#.#.......#............
......#...#.##.{....#....##+##...
.#.######.#..##........#*#...###.
....>..)(.....#####..# * ......##
.......(#[.(....@Cg.#'.....C.....
##....#.#(.........)# ......uD...
##.....<#..........##,,..##'##.H.
##...(.[#(.........#.,∆ '#?)$#'u.
##.###()#....###..##., **)?#!:##.
##......#...##.##.#.. *∆$(#($%#.
##.#.......)#..G..'.. ,* ** '{
##.#........##.##.#.. , ∆, ,
##.#.........###..##.. ** ,* {


You could see a fire giant and a boggart.

Vanquished Creatures
  Saint Roka (Depths:1)
  A golden dragon (Depths:1)
  2 caustic shrikes
  Arachne (Spider:2)
  Jorgrun (Vaults:1)
  3 liches
  Asterion (Elf:2)
  A sphinx (Depths:2)
  A thorn hunter (Lair:5)
  A storm dragon (Vaults:4)
  Kirke (D:13)
  Donald (Spider:4)
  2 tengu reavers
  3 frost giants
  Wiglaf (Depths:2)
  11 vault wardens
  Maud (Lair:6)
  3 ghost moths
  11 emperor scorpions
  3 fire giants
  A deep elf sorcerer (Elf:1)
  9 ironheart preservers
  A vampire knight (Depths:1)
  A war gargoyle (Vaults:3)
  9 stone giants
  5 very ugly things
  2 salamander stormcallers
  3 spark wasps (Depths:1)
  2 deep elf annihilators
  2 deep elf demonologists
  The ghost of TheGoonsmith the Geomancer, a journeyman GrEE of Vehumet (Lair:6)
  Snorg (Lair:3)
  A deep elf death mage (Elf:3)
  3 merfolk javelineers (Shoals:4)
  7 ettins
  A crystal guardian (Vaults:4)
  6 merfolk impalers
  4 fire dragons
  4 ice dragons
  5 vault guards (Vaults:4)
  5 great orbs of eyes
  Harold (Lair:1)
  5 entropy weavers
  9 yaktaur captains
  3 merfolk avatars
  5 hydras
  A death knight (D:12)
  5 satyrs
  An alligator snapping turtle (Shoals:4)
  6 ogre magi
  5 rakshasas
  The ghost of Minkie the Eclecticist, a journeyman DEEn of Makhleb (Orc:2)
  12 centaur warriors
  18 dancing weapons
  5 merfolk aquamancers
  5 deep troll earth magi
  2 deep troll shamans (Depths:1)
  8 death yaks
  6 tengu warriors
  4 spriggan berserkers (Depths:2)
  2 vampire magi
  Urug (D:13)
  An orc high priest (Elf:2)
  23 deep elf knights
  2 iron trolls (Depths:1)
  11 skeletal warriors
  2 fire crabs (shapeshifter) (Depths:1)
  A spark wasp zombie (D:15)
  A shadow wraith (Vaults:3)
  3 unseen horrors
  A flayed ghost (Vaults:3)
  A hell knight (Depths:1)
  11 sea snakes
  A golden dragon zombie (D:15)
  6 hill giants
  17 deep elf archers
  A deep troll (shapeshifter) (D:15)
  A lindwurm (shapeshifter) (Depths:1)
  2 lindwurms
  Pikel (D:4)
  3 giant orange brains
  9 ironbrand convokers
  A shambling mangrove (Lair:3)
  16 deep trolls
  4 wizards
  49 wolf spiders
  A wolf spider zombie (D:14)
  A mana viper (shapeshifter) (Vaults:3)
  A phantasmal warrior (Vaults:2)
  20 harpies
  15 orb spiders
  5 necromancers
  8 manticores
  7 orc knights
  49 deep elf magi
  16 fauns
  13 hornets
  An orc sorcerer (Vaults:1)
  A salamander (Depths:1)
  6 cyclopes
  17 ugly things
  18 griffons
  2 moths of wrath
  17 elephants
  7 sirens
  A human skeleton (Vaults:2)
  5 black mambas
  3 centaur zombies
  14 vault sentinels
  8 water nymphs
  A gargoyle (D:12)
  15 spiny frogs
  3 torpor snails
  A rime drake (shapeshifter) (Vaults:1)
  An orc skeleton (Vaults:2)
  3 rime drakes
  A komodo dragon (shapeshifter) (Vaults:4)
  2 kobold demonologists (Vaults:2)
  12 freezing wraiths
  44 yaktaurs
  A yaktaur (shapeshifter) (Vaults:4)
  4 komodo dragons
  9 trolls
  14 demonic crawlers
  2 tengu conjurers (D:15)
  An entropy weaver zombie (Vaults:2)
  A wandering mushroom (Lair:5)
  2 spriggan druids (Lair:8)
  A queen bee (shapeshifter) (D:14)
  A wolf spider simulacrum (D:15)
  33 merfolk
  11 two-headed ogres
  5 polar bears
  An ice dragon zombie (D:15)
  2 wind drakes
  A deep troll zombie (D:15)
  6 boulder beetles
  19 jumping spiders
  15 slime creatures
  17 blink frogs
  7 snapping turtles
  28 tarantellas
  67 redbacks
  An air elemental (Elf:2)
  A shadow (D:15)
  2 vampires
  8 spriggans (Lair:8)
  19 water elementals
  64 yaks
  A spriggan (shapeshifter) (Vaults:1)
  3 wraiths (Vaults:1)
  2 hungry ghosts
  4 basilisks
  A human (D:7)
  2 wyverns
  3 fire elementals
  Eustachio (D:4)
  6 hippogriffs
  A mottled dragon (D:14)
  19 vampire mosquitoes
  5 wargs
  Menkaure (D:7)
  15 porcupines
  18 water moccasins
  A giant eyeball (Depths:1)
  A giant eyeball (shapeshifter) (Vaults:3)
  37 orc warriors
  A black bear (shapeshifter) (Vaults:4)
  11 ice beasts
  13 wasps
  6 black bears
  3 sky beasts (D:11)
  13 boggarts
  A necrophage (D:13)
  32 ogres
  43 wolves
  A phantom (D:6)
  40 centaurs
  15 crocodiles
  3 big kobolds (Vaults:2)
  23 giant frogs
  An earth elemental (Elf:1)
  A wyvern skeleton (D:12)
  3 scorpions
  7 killer bees
  5 electric eels
  11 wights
  5 howler monkeys
  4 crimson imps
  A wasp zombie (D:10)
  9 jellies
  4 draconian simulacra (IceCv)
  4 hounds
  A quasit (D:9)
  11 orc priests
  7 centaur skeletons
  2 giant frog skeletons
  Crazy Yiuf (D:2)
  10 iguanas
  22 orc wizards
  Natasha (twice) (D:4)
  7 polar bear simulacra
  8 worker ants
  2 yak simulacra (Lair:6)
  3 spriggan simulacra (IceCv)
  5 troll simulacra (IceCv)
  4 wolf simulacra
  34 sheep
  5 centaur simulacra
  A hound zombie (D:11)
  A hound skeleton (D:7)
  2 worker ant zombies
  4 gnolls (D:5)
  5 naga simulacra (IceCv)
  13 adders
  An ogre simulacrum (IceCv)
  119 river rats
  5 shadow imps
  10 white imps
  2 oozes
  3 worms
  A dart slug (D:3)
  7 giant geckos
  97 orcs
  4 giant cockroaches
  5 goblins
  8 hobgoblins
  4 jackals (D:1)
  7 kobolds
  7 quokkas
  2 ball pythons
  4 bats
  A giant gecko skeleton (D:6)
  6 giant newts
  A jackal skeleton (D:6)
  3 rats (D:2)
  5 fungi
  2 plants (D:9)
1893 creatures vanquished.

Vanquished Creatures (collateral kills)
  Nikola (Vaults:1)
  Rupert (Lair:7)
  An ironheart preserver (Vaults:4)
  A yaktaur captain (Vaults:1)
  A hydra (Lair:1)
  A merfolk avatar (Shoals:4)
  An orb spider (Spider:1)
  A wolf spider (Spider:4)
  2 redbacks
  3 tarantellas
  2 death yak simulacra (IceCv)
  2 wasps
  An ice beast (IceCv)
  An orc priest (Vaults:1)
  7 river rats (Lair:1)
  4 white imps (IceCv)
  An orc (Vaults:1)
  A fungus (Lair:3)
32 creatures vanquished.

Vanquished Creatures (others)
  A deep elf elementalist (Depths:1)
  An ironheart preserver (Vaults:2)
  A yaktaur captain (D:13)
  A wolf spider (Spider:4)
  An ugly thing (D:12)
  A deep elf mage (Elf:1)
  A redback (Spider:4)
  5 humans (D:13)
  An orc warrior (D:5)
  A giant newt (D:4)
  19 fungi
  12 plants
  2 withered plants (D:15)
47 creatures vanquished.

Grand Total: 1972 creatures vanquished

Notes
Turn   | Place    | Note
--------------------------------------------------------------
     0 | D:1      | AlphabetPasta the Spriggan Warper began the quest for the Orb.
     0 | D:1      | Reached XP level 1. HP: 10/10 MP: 5/5
   134 | D:1      | Reached skill level 1 in Stealth
   348 | D:1      | Reached XP level 2. HP: 13/14 MP: 6/6
   352 | D:1      | Learned a level 2 spell: Blink
   355 | D:1      | Learned a level 2 spell: Shroud of Golubria
   811 | D:2      | Found a blossoming altar of Fedhas.
   924 | D:2      | Reached XP level 3. HP: 18/18 MP: 8/8
   929 | D:2      | Learned a level 3 spell: Portal Projectile
  1118 | D:2      | Reached skill level 1 in Slings
  1261 | D:2      | Noticed Crazy Yiuf
  1306 | D:2      | Killed Crazy Yiuf
  1459 | D:2      | Reached XP level 4. HP: 23/23 MP: 9/9
  2131 | D:3      | Reached skill level 5 in Translocations
  3395 | D:3      | Reached XP level 5. HP: 26/26 MP: 11/11
  3811 | D:3      | Found a deep blue altar of Sif Muna.
  3898 | D:4      | Reached skill level 1 in Evocations
  3966 | D:4      | Noticed a slave
  4291 | D:4      | Noticed a slave
  4308 | D:4      | Found a stormy altar of Qazlal.
  4388 | D:4      | Noticed Natasha
  4409 | D:4      | Killed Natasha
  4449 | D:4      | Reached skill level 1 in Charms
  4652 | D:4      | Noticed Eustachio
  4723 | D:4      | Noticed Pikel
  5268 | D:5      | Entered Level 5 of the Dungeon
  5271 | D:5      | Noticed an orc warrior
  5363 | D:5      | Found a sacrificial altar of Ru.
  5395 | D:5      | Killed an orc warrior
  5395 | D:5      | Reached XP level 6. HP: 30/30 MP: 12/12
  5877 | D:5      | Found a shattered altar of Ashenzari.
  5887 | D:5      | Became a worshipper of Ashenzari the Shackled
  5967 | D:5      | Learned a level 3 spell: Teleport Other
  6608 | D:4      | Noticed a slave
  6613 | D:4      | Noticed a slave
  6832 | D:4      | Killed Pikel
  6832 | D:4      | Reached skill level 5 in Short Blades
  6832 | D:4      | Reached skill level 5 in Dodging
  6832 | D:4      | Reached skill level 6 in Translocations
  6832 | D:4      | Reached XP level 7. HP: 35/35 MP: 12/14
  6913 | D:4      | Noticed Natasha
  6922 | D:4      | Killed Natasha
  7227 | D:4      | Killed Eustachio
  7227 | D:4      | Reached XP level 8. HP: 38/39 MP: 15/15
  7506 | D:6      | Reached skill level 5 in Stealth
  7512 | D:6      | Learned a level 4 spell: Passage of Golubria
  7758 | D:6      | Noticed Blork the orc
  8093 | D:6      | Found a staircase to the Ecumenical Temple.
  8110 | D:6      | Reached skill level 7 in Translocations
  8558 | D:6      | Noticed Edmund
  8633 | D:5      | Noticed Edmund
  8633 | D:5      | Edmund changed into Edmund the hound
  8652 | D:5      | Killed Edmund the hound
  8652 | D:5      | Reached skill level 5 in Spellcasting
  8778 | D:6      | Reached * piety under Ashenzari
  9016 | D:6      | Noticed Sigmund
  9019 | D:6      | Noticed Sigmund
  9019 | D:6      | Sigmund changed into Sigmund the wolf
  9542 | D:6      | Noticed Blork
  9542 | D:6      | Blork the orc changed into Blork the jelly
  9564 | D:6      | Killed Blork the jelly
  9885 | D:7      | Reached XP level 9. HP: 40/44 MP: 17/17
  9889 | D:7      | Found Taomam's Antique Armour Shop.
 10016 | D:7      | Found an opulent altar of Gozag.
 10028 | D:7      | Noticed Menkaure
 10346 | D:7      | Killed Menkaure
 10833 | D:7      | Reached skill level 5 in Evocations
 10948 | D:7      | Reached skill level 5 in Charms
 10964 | D:7      | Upgraded the game from 0.18-a0-1799-g6250cb2 to 0.18-a0-1800-gdc7a371
 11396 | D:8      | Reached skill level 8 in Translocations
 11856 | D:8      | Found a white marble altar of Elyvilon.
 12264 | D:8      | Found Derphil's Weapon Shoppe.
 12269 | D:8      | Bought a +0 rapier of draining for 128 gold pieces
 12604 | D:9      | Found a basalt altar of Yredelemnul.
 12881 | D:9      | Found a staircase to the Lair.
 12882 | D:9      | Noticed a komodo dragon
 13154 | D:9      | Reached XP level 10. HP: 42/49 MP: 20/20
 13299 | D:10     | Entered Level 10 of the Dungeon
 13330 | D:10     | Learned a level 3 spell: Confuse
 13334 | D:10     | Reached ** piety under Ashenzari
 13415 | D:10     | Reached skill level 5 in Slings
 14015 | D:10     | Found a roughly hewn altar of Beogh.
 14383 | D:11     | Noticed a cyan ugly thing
 14390 | D:11     | Killed a cyan ugly thing
 14390 | D:11     | Reached skill level 1 in Hexes
 14395 | D:11     | Noticed a brown ugly thing
 14450 | D:11     | Noticed a manticore
 14452 | D:11     | Killed a manticore
 14452 | D:11     | Reached skill level 9 in Translocations
 14495 | D:11     | Found a staircase to the Orcish Mines.
 14557 | D:11     | Noticed a hill giant
 14621 | D:11     | Killed a hill giant
 14813 | D:11     | Found Zunuim's Antique Armour Emporium.
 14953 | D:11     | Noticed a hill giant
 14967 | D:11     | Killed a hill giant
 15112 | D:11     | Noticed a cyclops
 15549 | D:11     | Reached XP level 11. HP: 48/53 MP: 22/22
 15660 | Lair:1   | Entered Level 1 of the Lair of Beasts
 16192 | Lair:1   | Identified the +11 chain mail of the Earth {Regen+ Str+5 Int+2}
 16815 | D:9      | Reached skill level 10 in Translocations
 17051 | Lair:1   | Noticed Harold
 17280 | Lair:1   | Killed Harold
 17387 | Lair:1   | Noticed an eight-headed hydra
 17420 | Lair:1   | Killed an eight-headed hydra
 17570 | Lair:1   | Reached *** piety under Ashenzari
 18486 | D:9      | Reached skill level 10 in Short Blades
 18491 | Lair:1   | Reached skill level 5 in Fighting
 19325 | D:9      | Reached XP level 12. HP: 60/60 MP: 25/25
 19755 | Lair:3   | Reached **** piety under Ashenzari
 19882 | Lair:3   | Reached skill level 5 in Hexes
 20338 | Lair:3   | Identified the cursed +1 scale mail "Xuqefy" {+Blink Str+10 Int-4}
 20375 | Lair:3   | Noticed Snorg
 20381 | Lair:3   | Killed Snorg
 20381 | Lair:3   | Reached skill level 10 in Dodging
 20576 | Lair:4   | Reached skill level 10 in Stealth
 21033 | Lair:4   | Reached skill level 11 in Translocations
 21455 | Lair:5   | Noticed a thorn hunter
 21455 | Lair:5   | an oklob plant changed into a thorn hunter
 22214 | Lair:5   | Found a staircase to the Shoals.
 22316 | Lair:6   | Noticed Maud
 22327 | Lair:6   | Killed Maud
 22327 | Lair:6   | Reached XP level 13. HP: 65/65 MP: 27/27
 22608 | Lair:6   | Found a hole to the Spider Nest.
 23512 | Lair:6   | Noticed TheGoonsmith's ghost (journeyman GrEE)
 23544 | Lair:6   | Killed TheGoonsmith's ghost
 24692 | Lair:7   | Reached skill level 10 in Spellcasting
 25213 | Lair:7   | Noticed Rupert
 25234 | Lair:7   | Killed Rupert
 25234 | Lair:7   | Reached skill level 10 in Evocations
 25288 | Lair:7   | Reached skill level 12 in Translocations
 25597 | Lair:7   | Reached ***** piety under Ashenzari
 26494 | Lair:7   | Reached XP level 14. HP: 65/70 MP: 29/29
 27185 | D:6      | Killed Sigmund the wolf
 27197 | D:6      | Identified the +11 chain mail of the Earth {Regen+ Str+5 Int+2}
 27510 | Orc:1    | Entered Level 1 of the Orcish Mines
 27611 | Orc:1    | Found Wesin's Magic Scroll Boutique.
 27619 | Orc:1    | Bought a scroll of remove curse for 39 gold pieces
 27619 | Orc:1    | Bought a scroll of remove curse for 39 gold pieces
 27619 | Orc:1    | Bought a scroll of amnesia for 45 gold pieces
 27619 | Orc:1    | Bought a scroll of remove curse for 39 gold pieces
 27619 | Orc:1    | Bought a scroll of remove curse for 39 gold pieces
 27839 | Orc:2    | Entered Level 2 of the Orcish Mines
 28234 | Orc:2    | Found a burning altar of Makhleb.
 28249 | Orc:2    | Found a frozen archway.
 28249 | Orc:2    | Noticed Minkie's ghost (journeyman DEEn)
 28264 | Orc:2    | Killed Minkie's ghost
 28379 | IceCv    | Entered an ice cave
 28744 | IceCv    | Reached skill level 13 in Translocations
 28946 | IceCv    | Found an ancient bone altar of Kikubaaqudgha.
 29913 | Orc:2    | Learned a level 3 spell: Gell's Gravitas
 29920 | Orc:2    | Learned a level 6 spell: Dispersal
 29946 | Orc:2    | Found a staircase to the Elven Halls.
 30983 | Orc:2    | Found Innorogh's Antique Weapon Shoppe.
 30983 | Orc:2    | Found Kune Veu's Armour Shop.
 30985 | Orc:2    | Found Uturu's Antique Weapon Boutique.
 30987 | Orc:2    | Found Lustrem's Food Emporium.
 31663 | D:12     | Found an oddly glowing altar of Pakellas.
 31684 | D:12     | Found Wami's Armour Emporium.
 31940 | D:12     | Reached skill level 10 in Slings
 32983 | D:13     | Noticed Kirke
 32986 | D:13     | Killed Kirke
 33028 | D:13     | Found a gate to the Vaults.
 33040 | D:13     | Reached skill level 14 in Translocations
 33170 | D:13     | Noticed Urug
 33187 | D:13     | Killed Urug
 33984 | D:14     | Reached XP level 15. HP: 75/75 MP: 31/31
 34368 | D:15     | Entered Level 15 of the Dungeon
 34697 | D:15     | Found a staircase to the Depths.
 35021 | Lair:8   | Entered Level 8 of the Lair of Beasts
 35313 | Lair:8   | Found a viscous altar of Jiyva.
 35313 | Lair:8   | Found a staircase to the Slime Pits.
 36889 | Lair:8   | Reached skill level 15 in Translocations
 38091 | Spider:1 | Entered Level 1 of the Spider Nest
 38112 | Spider:1 | Reached skill level 1 in Shields
 39132 | Spider:1 | Reached XP level 16. HP: 81/81 MP: 19/33
 39465 | Spider:2 | Reduced skill Slings to level 10
 39697 | Spider:2 | Reached skill level 5 in Throwing
 39706 | Spider:2 | Noticed Arachne
 39735 | Spider:2 | Killed Arachne
 40373 | Spider:3 | Reduced skill Slings to level 5
 40629 | Spider:3 | Identified a scroll of acquirement
 40631 | Spider:3 | Identified An Early Guide to Theurgy (You acquired it on level 3 of the Spider Nest)
 41028 | Spider:3 | Reached skill level 5 in Shields
 41036 | Spider:3 | Reached skill level 10 in Hexes
 41909 | Spider:3 | Reduced skill Slings to level 1
 42454 | Spider:4 | Entered Level 4 of the Spider Nest
 42688 | Spider:4 | Noticed Donald
 42696 | Spider:4 | Killed Donald
 42799 | Spider:4 | Reached skill level 16 in Translocations
 43699 | Spider:4 | Reached skill level 15 in Stealth
 43699 | Spider:4 | Reached XP level 17. HP: 86/86 MP: 24/35
 43945 | Spider:4 | Learned a level 8 spell: Controlled Blink
 44641 | Spider:4 | Got a gossamer rune of Zot
 44966 | Vaults:1 | Entered Level 1 of the Vaults
 45414 | Vaults:1 | Noticed Jorgrun
 45815 | Vaults:1 | Killed Jorgrun
 46000 | Vaults:1 | Found a portal to a secret trove of treasure.
 46161 | Vaults:1 | Noticed Nikola
 46186 | Vaults:1 | Killed Nikola
 46250 | Vaults:1 | Reached skill level 17 in Translocations
 48253 | Vaults:2 | Reached XP level 18. HP: 92/92 MP: 37/37
 48353 | Vaults:2 | Reached skill level 15 in Dodging
 48759 | Vaults:2 | Found a staircase to the Crypt.
 49121 | Vaults:2 | Reached ****** piety under Ashenzari
 49987 | Vaults:3 | Identified the cursed amulet "Douz" {+Rage rElec Int+5} (You acquired it on level 3 of the Vaults)
 51126 | Vaults:3 | Reached skill level 15 in Spellcasting
 51190 | Vaults:3 | Learned a level 8 spell: Disjunction
 52969 | Vaults:4 | Reached XP level 19. HP: 77/98 MP: 31/39
 53353 | Vaults:4 | Reached skill level 18 in Translocations
 54134 | Vaults:4 | Identified the amulet "Leozimem" {Dismiss rC- Str+4 Int+4 Dex+2}
 54413 | Vaults:3 | Reached skill level 10 in Fighting
 54709 | D:15     | Reached skill level 15 in Evocations
 55668 | D:15     | Found a basalt altar of Yredelemnul.
 55798 | D:15     | Reached skill level 10 in Throwing
 56127 | Elf:1    | Entered Level 1 of the Elven Halls
 56417 | Elf:1    | Found Doseihud's General Store.
 57294 | Elf:2    | Identified the +11 mace "Ogreslayer" {pain, rPois MR+ Stlth+}
 57301 | Elf:2    | Found a runed gate.
 57301 | Elf:2    | Found a runed gate.
 57302 | Elf:2    | Found a runed gate.
 58670 | Elf:2    | Noticed Asterion
 58815 | Elf:2    | Killed Asterion
 58815 | Elf:2    | Identified the +4 shield of Greed {Dex+4 Stlth+} (You took it off Asterion on level 2 of the Elven Halls)
 58823 | Elf:2    | Reached XP level 20. HP: 98/102 MP: 32/41
 59567 | Elf:3    | Entered Level 3 of the Elven Halls
 59938 | Elf:3    | Noticed Balimanorgath's ghost (veteran HuFi)
 60454 | Shoals:1 | Entered Level 1 of the Shoals
 60973 | Shoals:1 | Identified the +5 war axe "Ikururo" {venom, rC+++ Str-2 Int+5} (You found it on level 8 of the Lair of Beasts)
 60973 | Shoals:1 | Identified the +11 falchion "Luidgh" {vamp, +Blink rPois Str+4 Dex+4} (You found it on level 8 of the Lair of Beasts)
 63221 | Shoals:3 | Found Fofira's General Store.
 63229 | Shoals:3 | Bought a scroll of enchant weapon for 142 gold pieces
 63449 | Shoals:4 | Entered Level 4 of the Shoals
 63451 | Shoals:4 | Identified the +2 buckler of Reason {Str+3 Dex+3}
 63583 | Shoals:4 | Identified the cursed +0 hunting sling of Mauzuhow {freeze, *Confuse Str+6 Dex+3}
 63878 | Shoals:4 | Identified the amulet of Imnemiast {rPois Regen+}
 64841 | Shoals:4 | Identified the ring "Uceituv" {Str+2 Dex+6} (You took it off a siren on level 4 of the Shoals)
 65009 | Shoals:4 | Got a barnacled rune of Zot
 65486 | Shoals:4 | Noticed Ilsuiw
 65834 | Depths:1 | Entered Level 1 of the Depths
 65834 | Depths:1 | Noticed Saint Roka
 65836 | Depths:1 | Killed Saint Roka
 66139 | D:15     | Reached skill level 19 in Translocations
 66428 | Depths:1 | Found a gateway to Hell.
 66477 | Depths:1 | Found Neburov's Antique Weapon Shoppe.
 66478 | Depths:1 | Found a gateway to a ziggurat.
 66530 | Depths:1 | Reached XP level 21. HP: 108/108 MP: 38/43
 66973 | Depths:1 | Reached skill level 15 in Short Blades
 66984 | Depths:1 | Paralysed by a giant eyeball for 4 turns
 67453 | Depths:1 | Found Bajewn's Jewellery Boutique.
 67766 | Depths:1 | Found Voyv's Distillery.
 68045 | Depths:1 | Found a one-way gate to the infinite horrors of the Abyss.
 68357 | Depths:2 | Noticed an iron giant
 68370 | Depths:2 | Found Saujoc's Gadget Boutique.
 68659 | Depths:2 | Noticed a caustic shrike
 68659 | Depths:2 | Noticed a golden dragon
 68879 | Depths:2 | Noticed Wiglaf
 69093 | Depths:2 | Killed a caustic shrike
 69093 | Depths:2 | Reached skill level 15 in Hexes
 69107 | Depths:2 | Killed Wiglaf
 69185 | Depths:2 | Noticed a golden dragon
 70032 | Spider:3 | Learned a level 4 spell: Force Lance
 70401 | Depths:2 | Noticed a caustic shrike
 70549 | Depths:1 | Killed a caustic shrike
 70715 | Depths:1 | Killed a golden dragon
 70947 | Depths:2 | Killed from afar by a fire giant

Vault maps used:
D:1:      dpeg_arrival_pits, serial_glass, glass_columns_c, glass_columns_a,
          glass_columns_a, glass_columns_c, glass_columns_a, glass_columns_b,
          corexii_corridor_pit, hangedman_decor_clover_reticule
D:2:      fedhas_altar_1, amethyst_killhole, uniq_crazy_yiuf_cottage
D:3:      lemuel_blue_sif_altar, nicolae_underground_beach
D:4:      grunt_qazlal_sundering, first_bread, uniq_eustachio, uniq_natasha,
          uniq_pikel
D:5:      nicolae_ru_awakened_eye, kennysheep_mini_moat,
          hangedman_abyss_or_decor_lesser_grid
D:6:      temple_green, uniq_blork_the_orc, uniq_sigmund, uniq_edmund
D:7:      kennysheep_mini, serial_shops, nicolae_shop_overgrown_old_shop,
          grunt_livestock, uniq_menkaure
D:8:      elyvilon_altar_5, serial_shops, nicolae_shop_crystal
D:9:      nicolae_overflow_hidden_temple, david_lair_shrubbed
D:10:     special_room
D:11:     minmay_wavy_crystal, david_orc_2, serial_shops, nicolae_shop_stone
D:12:     serial_shops, shop, gammafunk_pakellas_cloud_experiment
D:13:     david_vaults_2, uniq_kirke, uniq_urug
D:15:     gammafunk_depths_entry_grave, serial_ice, serial_ice_m, serial_ice_g,
          serial_ice_f, serial_ice_e, serial_ice_k, lemuel_statue_altar
Lair:1:   uniq_harold
Lair:3:   minmay_lair_oklob_bushes, uniq_snorg
Lair:5:   elwin_shoals_entry_rocks, disabler_island, bh_autumn_forest_stairs
Lair:6:   nicolae_spider_entry_orb_guardian, lookout_lair_type,
          nicolae_quartered_pool_little, eino_house_with_fridge, uniq_maud
Lair:7:   infiniplex_staircase_pool_2, uniq_rupert
Lair:8:   minmay_lair_end_enchanted_forest, slime_altar_1, lemuel_fruit_tree,
          lemuel_fruit_fields
Shoals:3: serial_shops, shop
Shoals:4: shoals_end_simple, shoal_ilsuiw
Spider:2: uniq_arachne
Spider:3: spiders_nest_wasp_nest
Spider:4: guppyfry_spider_rune, uniq_donald
Orc:1:    serial_shops, shop_statue
Orc:2:    st_orc_rangers, portal_ice_cave_entry_animals_and_master, basic_altar
Elf:1:    serial_shops, shop, hangedman_elf_represent
Elf:2:    minivault_4, solitary_fountain, uniq_asterion
Elf:3:    nooodl_elf_gasket
Vaults:1: nicolae_vaults_windows_and_doors_thing, v_misc_3, v_misc_28,
          vaults_mumra_minichess, vaults_room_door_ring, v_misc_9,
          vaults_mumra_hex, ontoclasm_vaults_gateway, vaults_room_grid,
          trove_entry_hex_spiral, uniq_nikola, uniq_jorgrun
Vaults:2: vaults_dpeg_encased_lava, vaults_mumra_minichess_inversion, v_misc_28,
          vaults_room_door_hall, nicolae_vaults_rhombus_7,
          nicolae_vaults_little_ls, minmay_crypt_entry_simple_statues
Vaults:3: v_misc_26, hangedman_vaults_unwind, hangedman_vaults_corner,
          ontoclasm_vaults_decontamination, v_misc_25, nicolae_vaults_quadrants,
          hangedman_vaults_stagger, v_misc_5, grunt_vaults_swirl,
          vaults_dpeg_hooks
Vaults:4: v_misc_22, nicolae_vaults_theta, v_pattern_5, grunt_vaults_bifocal,
          v_misc_31, nicolae_vaults_sealed_display, hangedman_vaults_nails,
          nicolae_vaults_meeting, vaults_room_corners, v_alt_pattern_2
Depths:1: enter_ziggurat_a, abyss_entry, serial_shops,
          nicolae_shop_temple_entry_statues_fountains,
          nicolae_shop_behind_doors, shop, hell_entry, kennysheep_minor_cross,
          onia_ninara_cookie, uniq_saint_roka
Depths:2: minmay_central_circle, corexii_hall_statues_t, hell_entry,
          serial_shops, nicolae_shop_window_shopping, uniq_wiglaf
IceCv:    ice_cave_small_necro

Skill      XL: |  1  2  3  4  5  6  7  8  9 10 11 12 13 14 15 16 17 18 19 20 21 |
---------------+----------------------------------------------------------------+-----
Stealth        | 1 2 3 4 5 7 8 9 10 12 13 14 15 16 17 18 | 18.9
Spellcasting   | 3 4 5 6 7 8 9 10 11 12 13 14 15 16 17 18 | 18.4
Slings         | 1 2 3 4 6 7 8 9 10 11 0 |  0.0
Dodging        | 4 5 6 7 8 9 10 11 12 13 14 15 16 17 | 17.7
Translocations | 5 6 7 8 9 10 11 12 14 15 16 17 18 19 | 19.4
Short Blades   | 3 5 6 7 9 10 11 12 13 14 15 | 15.4
Evocations     | 1 3 4 5 6 8 9 10 11 12 13 14 15 16 | 16.6
Fighting       | 2 3 4 5 6 7 8 9 10 11 | 11.3
Charms         | 1 3 4 6 7 |  7.0
Hexes          | 2 4 6 7 8 9 10 11 12 13 14 15 | 15.3
Shields        | 1 5 |  5.0
Throwing       | 7 8 9 10 | 10.5

Action                   |  1- 3 |  4- 6 |  7- 9 | 10-12 | 13-15 | 16-18 | 19-21 || total
-------------------------+-------+-------+-------+-------+-------+-------+-------++-------
Melee: Short sword       |    67 |    97 |    14 |    23 |       |       |       ||   201
       Dagger            |    37 |   327 |   659 |   201 |  1359 |  1658 |  2215 ||  6456
       Rapier            |       |       |    42 |  1228 |   694 |       |       ||  1964
 Fire: Hunting sling     |    42 |   147 |   404 |   391 |   207 |       |       ||  1191
Throw: Tomahawk          |       |    23 |    14 |    49 |    27 |     3 |     3 ||   119
       Throwing net      |       |       |       |       |       |       |     6 ||     6
 Cast: Teleport Other    |       |     2 |     3 |     1 |       |       |       ||     6
       Blink             |       |       |     1 |     6 |     1 |     3 |     5 ||    16
       Shroud of Golubri |       |       |     1 |     2 |    13 |    47 |    64 ||   127
       Confuse           |       |       |       |    63 |   499 |   551 |   513 ||  1626
       Apportation       |       |       |       |     3 |     1 |       |     1 ||     5
       Passage of Golubr |       |       |       |       |     1 |       |       ||     1
       Controlled Blink  |       |       |       |       |       |       |     3 ||     3
       Disjunction       |       |       |       |       |       |       |     1 ||     1
       Force Lance       |       |       |       |       |       |       |    13 ||    13
Invok: Curse Item        |       |       |     1 |     1 |     5 |     3 |     1 ||    11
       Scrying           |       |       |       |       |     1 |     4 |     3 ||     8
       Transfer Knowledg |       |       |       |       |       |     3 |       ||     3
Evoke: Wand              |       |    15 |    10 |    21 |    35 |    42 |    17 ||   140
       Box of beasts     |       |       |       |     2 |     1 |       |       ||     3
       Lamp of fire      |       |       |       |     1 |     2 |       |       ||     3
       Phantom mirror    |       |       |       |       |       |     2 |       ||     2
  Use: Potion            |     1 |     1 |     5 |     6 |     3 |     7 |     7 ||    30
       Scroll            |       |    11 |     5 |    10 |    19 |    15 |    10 ||    70
 Stab: Sleeping          |     5 |    13 |     9 |    79 |    93 |    81 |    79 ||   359
       Confused          |       |       |       |    41 |   280 |   305 |   282 ||   908
       Paralysed         |       |       |       |       |     1 |     2 |       ||     3
       Distracted        |       |       |       |       |     1 |       |     3 ||     4
       Held in net/web   |       |       |       |       |       |       |     4 ||     4
  Eat: Bread ration      |       |     1 |     1 |       |     3 |     2 |     3 ||    10
       Pizza             |       |       |       |     8 |     1 |     3 |       ||    12
       Royal jelly       |       |       |       |       |       |       |     1 ||     1
Armor: Robe              |     7 |    26 |    42 |   112 |    74 |    52 |    45 ||   358
Dodge: Dodged            |    74 |   225 |   442 |   936 |  1042 |   761 |   605 ||  4085
Block: Buckler           |       |       |       |       |    36 |   399 |   344 ||   779
